 Dungeon Crawl Stone Soup version 0.30-a0-578-gdee14c521f (webtiles) character file.

Game seed: 2796023609029204990

973 wormed the Covered (level 7, -2/64 HPs)
             Began as an Armataur Fighter on Jan 1, 2023.
             Was a Follower of Okawaru.
             Succumbed to a gnoll sergeant's poison
             ... on level 5 of the Dungeon.
             The game lasted 00:07:32 (3743 turns).

wormed the Covered (Armataur Fighter)               Turns: 3743, Time: 00:07:33

Health: -2/64      AC: 13    Str: 22    XL:     7   Next: 94%
Magic:  7/7        EV:  5    Int:  7    God:    Okawaru [*.....]
Gold:   259        SH:  5    Dex: 14    Spells: 6/6 levels left

rFire   + . .      SeeInvis +    a - +0 flail
rCold   . . .      Faith    .    c - +0 buckler
rNeg    . . .      Spirit   .    t - +3 chain mail {rF+}
rPois   .          Reflect  .    (no helmet)
rElec   .          Harm     .    B - +0 cloak
rCorr   .          Roll     +    (no gloves)
Will    +....                    (no barding) Stlth
                                 s - amulet of regeneration
HPRegen 1.10/turn                g - ring of willpower
MPRegen 0.10/turn                H - ring of see invisible

@: mighty, lethally poisoned (-2 -> -10)
A: large, rugged brown scales 3, deformed body, armoured tail, roll, long
tongue, awkward tongue, stinger 1, agile 1, MP-powered wands
a: Renounce Religion, Heroism


You were on level 5 of the Dungeon.
You worshipped Okawaru.
Okawaru was aware of your devotion.
You visited 2 branches of the dungeon, and saw 6 of its levels.

You collected 259 gold pieces.

Inventory:

Hand Weapons
 a - a +0 flail (weapon)
Missiles
 l - 4 curare-tipped darts
 n - 6 poisoned darts (quivered)
Armour
 c - a +0 buckler (worn)
 t - a +3 chain mail of fire resistance (worn)
 B - a +0 cloak (worn)
Jewellery
 g - a ring of willpower (left hand)
 m - an amulet of guardian spirit
 s - an amulet of regeneration (around neck)
 F - a ring of positive energy
 H - a ring of see invisible (right hand)
Wands
 A - a wand of acid (8)
 C - a wand of polymorph (5)
Scrolls
 e - a scroll of amnesia {unknown}
 f - 2 scrolls of identify {unknown}
 k - a scroll of noise {unknown}
 q - 2 scrolls of poison {unknown}
 u - 2 scrolls of teleportation {unknown}
 v - a scroll of magic mapping {unknown}
 w - a scroll of immolation {unknown}
 y - a scroll of blinking {unknown}
 G - a scroll of acquirement {unknown}
 J - 2 scrolls of fog {unknown}
Potions
 b - 2 potions of berserk rage {unknown}
 d - a potion of might
 h - 2 potions of degeneration {unknown}
 i - 3 potions of curing {unknown}
 j - 3 potions of cancellation {unknown}
 o - a potion of resistance {unknown}
 p - 2 potions of lignification {unknown}
 r - 2 potions of mutation
 x - a potion of ambrosia {unknown}
 z - a potion of attraction {unknown}
 D - a potion of magic {unknown}
 E - a potion of heal wounds {unknown}
 I - a potion of flight {unknown}


   Skills:
 + Level 4.5 Fighting
 * Level 5.5 Maces & Flails
 + Level 6.1 Armour
 + Level 5.5 Shields


You had 6 spell levels left.
You didn't know any spells.
Your spell library contained the following spells:

 Spells                   Type           Power      Damage    Failure   Level
 Magic Dart               Conj           0%         1d3       99%         1
 Searing Ray              Conj           0%         2d4       99%         2
 Fulminant Prism          Conj/Hex       0%         3d5       100%        4


Dungeon Overview and Level Annotations

Branches:
Dungeon (5/15)             Temple (1/1) D:4

Altars:
Ashenzari
Cheibriados
Elyvilon
Fedhas
Gozag
Hepliaklqana
Kikubaaqudgha
Makhleb
Nemelex Xobeh
Okawaru
Qazlal
Ru
Vehumet
Wu Jian
Yredelemnul
Zin
The Shining One

Annotations:
D:3 2 transporters


Innate Abilities, Weirdness & Mutations

You are completely covered in rugged brown scales. (AC +3, +7% HP)
Armour fits poorly on your strangely shaped body.
You have a long armoured tail.
You roll when moving toward enemies. (Rampage)
Your long tongue fully drains potion bottles. (2x potion effects)
Your tongue gives you trouble enunciating. (1.5x scroll delay)
Your tail ends in a venomous barb.
You are agile. (Dex +4, Str/Int -1)
You expend magic power (3 MP) to strengthen your wands.


Message History

You hit the gnoll sergeant.
The gnoll sergeant is lightly wounded.
You feel very sick. The gnoll hits you but does no damage.
The gnoll sergeant hits you but does no damage.
The gnoll sergeant hits you with a +1 trident of venom.
You are more poisoned.
The gnoll hits you from afar with a +0 spear.
You completely miss the gnoll sergeant.
The gnoll sergeant is lightly wounded.
You feel very sick. The gnoll hits you but does no damage.
The gnoll sergeant hits you but does no damage.
You are more poisoned.
The gnoll sergeant blocks your attack.
The gnoll sergeant is lightly wounded.
You feel very sick. You block the gnoll's attack.
The gnoll sergeant hits you but does no damage.
You are more poisoned.
The gnoll sergeant attacks as you move away!
The gnoll sergeant hits you but does no damage.
You are more poisoned.
You feel extremely sick.
The gnoll sergeant hits you from afar with a +1 trident of venom.
* * * LOW HITPOINT WARNING * * *
You are more poisoned.
* * * LOW HITPOINT WARNING * * *
You feel extremely sick.
* * * LOW HITPOINT WARNING * * *
You feel very sick.
* * * LOW HITPOINT WARNING * * *
You feel very sick.
There is a stone staircase leading up here.
You slurp down every last drop of the 3 orange potions!
It was a potion of mutation.
You feel extremely strange.
You feel your magical essence link to the dungeon's wands.
You begin to heal more quickly.
You feel agile.
Your rate of healing slows.
A venomous barb forms on the end of your tail.
You die...

.......#..##.##....#
.......##.........##
..................#
............#...###
...........##...##
.....)..##.#.....###
........#....#.....#
.<...........#.....#
.)......#.#..gg.@..#
........###.g#######
........# ##).# ..#
...>...######.#....#
........##...g....#
.........#.g##....#
.....#....g.....###
.....##..h.##.##..#
.......#..## ......


You could see a gnoll sergeant and 2 gnolls.

Vanquished Creatures
  Eustachio (D:4)
  An ogre (D:5)
  2 phantoms
  Blork the orc (D:4)
  A scorpion (D:5)
  3 hounds
  3 iguanas
  Ijyb (Temple)
  Natasha (thrice) (D:4)
  7 adders
  2 gnolls (D:5)
  A white imp (D:5)
  An ufetubus (D:5)
  A worm (D:2)
  3 dart slugs
  9 orcs
  7 ball pythons
  14 endoplasms
  3 giant cockroaches
  8 goblins
  5 hobgoblins
  5 jackals
  7 kobolds
  2 quokkas
  6 bats
  5 frilled lizards
  4 rats
106 creatures vanquished.

Notes
Turn   | Place    | Note
-------+----------+-------------------------------------------
     0 | D:1      | wormed the Armataur Fighter began the quest for the Orb.
     0 | D:1      | Reached XP level 1. HP: 19/19 MP: 1/1
   206 | D:1      | Reached XP level 2. HP: 26/26 MP: 2/2
   682 | D:2      | Reached XP level 3. HP: 32/32 MP: 3/3
   704 | D:2      | Reached skill level 4 in Armour
  1255 | D:2      | Reached XP level 4. HP: 36/40 MP: 4/4
  1763 | D:3      | Found a transporter.
  1788 | D:3      | Found a transporter.
  2197 | D:4      | Noticed a phantom
  2214 | D:4      | Killed a phantom
  2215 | D:4      | Reached XP level 5. HP: 48/48 MP: 5/5
  2263 | D:4      | Noticed Eustachio
  2263 | D:4      | Noticed a phantom
  2319 | D:4      | Found a hazy altar of Hepliaklqana.
  2319 | D:4      | Found a sacrificial altar of Ru.
  2319 | D:4      | Found a sparkling altar of Nemelex Xobeh.
  2321 | D:4      | Found an ornate altar of the Wu Jian Council.
  2358 | D:4      | Found a broken altar of Ashenzari.
  2427 | D:4      | You fall into a shaft and drop 1 floor!
  2427 | D:5      | Entered Level 5 of the Dungeon
  2487 | D:4      | Noticed Ijyb
  2487 | D:4      | Found a staircase to the Ecumenical Temple.
  2510 | Temple   | Entered the Ecumenical Temple
  2585 | Temple   | Killed Ijyb
  2586 | Temple   | Reached XP level 6. HP: 53/54 MP: 6/6
  2643 | D:3      | Reached skill level 5 in Armour
  2817 | D:4      | Noticed Natasha
  2869 | D:4      | Killed Natasha
  2896 | D:4      | Found an iron altar of Okawaru.
  2897 | D:4      | Noticed Natasha
  2943 | D:4      | Became a worshipper of Warmaster Okawaru
  2947 | D:4      | Killed Natasha
  2979 | D:4      | Noticed Natasha
  2986 | D:4      | Killed Natasha
  3036 | D:4      | Noticed Blork the orc
  3045 | D:4      | Killed Blork the orc
  3271 | D:5      | Reached XP level 7. HP: 57/63 MP: 7/7
  3291 | D:5      | Reached skill level 5 in Shields
  3337 | D:5      | Found a burning altar of Makhleb.
  3363 | D:5      | Reached skill level 5 in Maces & Flails
  3397 | D:5      | Reached * piety under Okawaru
  3475 | D:4      | Killed Eustachio
  3476 | D:4      | Reached skill level 6 in Armour
  3742 | D:5      | HP: 1/64 [poisoned by a gnoll sergeant]
  3743 | D:5      | Gained mutation: You expend magic power (3 MP) to
                  | strengthen your wands. [potion of mutation]
  3743 | D:5      | Gained mutation: Your natural rate of healing is unusually
                  | fast. [potion of mutation]
  3743 | D:5      | Gained mutation: You are agile. (Dex +4, Str/Int -1)
                  | [potion of mutation]
  3743 | D:5      | Lost mutation: Your natural rate of healing is unusually
                  | fast. [potion of mutation]
  3743 | D:5      | Gained mutation: Your tail ends in a venomous barb. [potion
                  | of mutation]
  3743 | D:5      | Succumbed to a gnoll sergeant's poison

Illustrated notes

Levels and vault maps discovered:
D:1:      kennysheep_arrival_seaside, layout_rooms
D:2:      layout_rooms, minmay_joined_circles
D:3:      gammafunk_wand_slinger, layout_basic, minmay_diced_spiral
D:4:      layout_basic, lemuel_tele_altar, overflow_temple_1_default,
          chequers_temple_overflow_statue_of_worship, temple_statues,
          kennysheep_generic_room_11, uniq_blork_the_orc, uniq_natasha,
          uniq_eustachio, uniq_ijyb
D:5:      layout_cave_pools, bloody_makhleb, minmay_holes
Temple:   nicolae_temple_ecumenical_triangle

Skill      XL: |  1  2  3  4  5  6  7 |
---------------+----------------------+-----
Maces & Flails | 2 3 4 5 |  5.5
Armour         | 4 5 6 |  6.1
Fighting       | 3 4 |  4.5
Shields        | 4 5 |  5.5

Action                   |  1- 3 |  4- 6 |  7- 9 || total
-------------------------+-------+-------+-------++-------
Melee: Flail             |    93 |   178 |    67 ||   338
       Tailslap          |    11 |    19 |    10 ||    40
Throw: Dart              |       |     2 |     5 ||     7
  Use: Potion            |       |       |     2 ||     2
Armor: Scale mail        |    75 |     5 |       ||    80
       Chain mail        |       |   178 |   149 ||   327
Dodge: Dodged            |    45 |    83 |    54 ||   182
Block: Buckler           |    24 |    51 |    40 ||   115

Table legend: (Time is in decaauts)
 A = Elapsed time spent in this place.
 B = Non-inter-level travel time spent in this place.
 C = Inter-level travel time spent in this place.
 D = Time resting spent in this place.
 E = Time spent auto-exploring this place.
 F = Levels seen in this place.
 G = Mean time per level.
                   A        B        C        D        E       F      G
               +--------+--------+--------+--------+--------+-----+--------+
         Total |   3842 |   3420 |    422 |      0 |   2317 |   6 |  640.3 |
       Dungeon |   3760 |   3345 |    415 |      0 |   2279 |   5 |  752.0 |
        Temple |     82 |     75 |      7 |      0 |     38 |   1 |   82.0 |
               +--------+--------+--------+--------+--------+-----+--------+

Top non-repeatable levels by time:
     D:3: 974 daAuts
     D:4: 844 daAuts
     D:1: 739 daAuts
     D:2: 711 daAuts
     D:5: 489 daAuts
  Temple: 82 daAuts
